 Dungeon Crawl Stone Soup version 0.26-a0-800-g517d6fe721 (webtiles) character file.

Game seed: 3517838226981688562

49 Forecaster the Sneak (level 3, 0/28 HPs)
             Began as a Naga Hedge Wizard on Nov 11, 2020.
             Was an Initiate of Dithmenos.
             Killed by divine providence
             ... invoked by an orc priest
              (11 damage)
             ... on level 3 of the Dungeon.
             The game lasted 00:06:04 (2235 turns).

Forecaster the Sneak (Naga Hedge Wizard)            Turns: 2235, Time: 00:06:04

Health: 0/28       AC:  2    Str: 12    XL:     3   Next: 77%
Magic:  12/17      EV: 10    Int: 15    God:    Dithmenos [......]
Gold:   153        SH:  0    Dex: 10    Spells: 6/9 levels left

rFire    + . .     SeeInvis +   i - +1 spear (vorpal)
rCold    . . .     Faith    .   (no shield)
rNeg     . . .     Spirit   .   b - +0 robe
rPois    +         Reflect  .   c - +0 hat
rElec    .         Harm     .   (no cloak)
rCorr    .         Rampage  .   (no gloves)
MR       .....                  (no barding)
Stlth    ++........             (no amulet)
HPRegen  0.09/turn              h - ring of protection from fire
MPRegen  0.15/turn              o - ring of magical power

@: very slightly contaminated, very slow
A: large, see invisible, deformed body, poison resistance, slowness 2, spit
poison 1, AC +1
a: Spit Poison, Renounce Religion


You were on level 3 of the Dungeon.
You worshipped Dithmenos.
Dithmenos was noncommittal.
You visited 1 branch of the dungeon, and saw 3 of its levels.

You collected 153 gold pieces.

Inventory:

Hand Weapons
 a - a +0 dagger
 i - a +1 vorpal spear (weapon)
 j - a +0 whip of pain
 l - a +0 long sword
Armour
 b - a +0 robe (worn)
 c - a +0 hat (worn)
Jewellery
 h - a ring of protection from fire (left hand)
 o - a ring of magical power (right hand)
Wands
 n - a wand of iceblast (10)
Scrolls
 d - 3 scrolls of identify {unknown}
 e - 2 scrolls of magic mapping {unknown}
 f - 2 scrolls of teleportation {unknown}
 g - 2 scrolls of fog {unknown}
 k - a scroll of enchant weapon {unknown}
Potions
 m - a potion of cancellation {unknown}


   Skills:
 + Level 0.2 Fighting
 + Level 0.3 Short Blades
 + Level 0.2 Polearms
 + Level 1.7 Dodging
 + Level 4.0 Stealth
 + Level 3.7 Spellcasting
 + Level 1.1 Conjurations
 + Level 1.2 Summonings
   Level 1.0 Translocations


You had 6 spell levels left.
You knew the following spells:

 Your Spells              Type           Power        Failure   Level
a - Magic Dart            Conj           #...         12%         1
b - Call Imp              Summ           #.......     17%         2

Your spell library contained the following spells:

 Spells                   Type           Power        Failure   Level
 Blink                    Tloc           N/A          19%         2
 Slow                     Hex            #.......     28%         2
 Conjure Flame            Conj/Fire      #.......     41%         3
 Mephitic Cloud           Conj/Pois/Air  #.......     43%         3


Dungeon Overview and Level Annotations

Branches:
Dungeon (3/15)

Altars:
Dithmenos


Innate Abilities, Weirdness & Mutations

You cannot wear boots.
Your serpentine skin is tough. (AC +1)
You have supernaturally acute eyesight. (SInv)
Armour fits poorly on your strangely shaped body.
Your system is resistant to poisons. (rPois)
You cover ground very slowly.
You can spit poison.


Message History

The orc closely misses your crimson imp.
Your crimson imp hits the orc.
The orc throws a boomerang.
The boomerang closely misses your crimson imp.
The boomerang misses you.
The weapon returns to the orc!
Your crimson imp hits the orc priest but does no damage.
The orc priest hits your crimson imp with a +0 club!
You closely miss the orc. The orc hits you but does no damage.
Your crimson imp hits the orc.
The orc hits your crimson imp with a +0 short sword.
Your crimson imp blinks!
The orc priest hits your crimson imp with a +0 club.
You hit the orc.
The orc is moderately wounded.
The orc hits you but does no damage.
Your crimson imp hits the orc.
The orc dies!
Dithmenos accepts your kill.
Your crimson imp hits the orc priest.
The orc priest calls down the wrath of Beogh upon you.
Beogh smites you!
You die...

.# .## ..# #..
.. # ##o#
S..## #5.#
#....##@##.##[
#.oo5.......
####)#######
#.# ###


You could see an orc priest, 2 orcs and 2 friendly crimson imps.

Vanquished Creatures
  A dart slug (D:1)
  2 leopard geckos (D:1)
  4 giant cockroaches
  3 goblins (D:1)
  4 hobgoblins
  4 kobolds
  2 ball pythons (D:1)
  3 bats
  A frilled lizard (D:2)
  3 rats
27 creatures vanquished.

Vanquished Creatures (collateral kills)
  An adder (D:2)
  2 worms (D:2)
  A dart slug (D:2)
  An orc (D:3)
  3 jackals (D:2)
8 creatures vanquished.

Grand Total: 35 creatures vanquished

Notes
Turn   | Place    | Note
-------+----------+-------------------------------------------
     0 | D:1      | Forecaster the Naga Hedge Wizard began the quest for the
                  | Orb.
     0 | D:1      | Reached XP level 1. HP: 15/15 MP: 4/4
   314 | D:1      | Reached XP level 2. HP: 22/22 MP: 0/6
  1030 | D:1      | Reached XP level 3. HP: 28/28 MP: 6/8
  1034 | D:1      | Learned a level 2 spell: Call Imp
  1991 | D:2      | Found a shadowy altar of Dithmenos.
  2028 | D:2      | Reached skill level 4 in Stealth
  2102 | D:2      | Found a faded altar of an unknown god.
  2192 | D:2      | Became a worshipper of Dithmenos the Shadowed
  2235 | D:3      | Killed from afar by an orc priest

Illustrated notes

Levels and vault maps discovered:
D:1:      minmay_arrival_floating_metal, layout_loops_ring
D:2:      layout_rooms, nicolae_dithmenos_through_a_glass_darkly,
          chequers_ecumenical_altar_grove
D:3:      layout_rooms, grunt_temple_overflow_open

Skill      XL: |  1  2  3 |
---------------+----------+-----
Stealth        | 4 |  4.0
Fighting       | |  0.2
Short Blades   | |  0.3
Polearms       | |  0.2
Dodging        | |  1.7
Spellcasting   | |  3.7
Conjurations   | |  1.1
Summonings     | |  1.2
Translocations | |  1.0

Action                   || total
-------------------------++-------
Melee: Dagger            ||    19
       Spear             ||    23
 Cast: Magic Dart        ||    55
       Call Imp          ||    11
Armor: Robe              ||     5
Dodge: Dodged            ||    26

Table legend: (Time is in decaauts)
 A = Elapsed time spent in this place.
 B = Non-inter-level travel time spent in this place.
 C = Inter-level travel time spent in this place.
 D = Time resting spent in this place.
 E = Time spent auto-exploring this place.
 F = Levels seen in this place.
 G = Mean time per level.
                   A        B        C        D        E       F      G
               +--------+--------+--------+--------+--------+-----+--------+
         Total |   2742 |   2551 |    191 |      2 |   2191 |   3 |  914.0 |
       Dungeon |   2742 |   2551 |    191 |      2 |   2191 |   3 |  914.0 |
               +--------+--------+--------+--------+--------+-----+--------+

Top non-repeatable levels by time:
     D:1: 1708 daAuts
     D:2: 1026 daAuts
     D:3: 7 daAuts
